 Dungeon Crawl Stone Soup version 0.27.1-1-g398f81649c (webtiles) character file.

Game seed: 505479608387932854

2 nxtlvl the Grave Robber (level 1, -2/15 HPs)
             Began as a Minotaur Necromancer on Sept 10, 2021.
             Slain by a gnoll (9 damage)
             ... on level 1 of the Dungeon.
             The game lasted 00:00:21 (60 turns).

nxtlvl the Grave Robber (Minotaur Necromancer)        Turns: 60, Time: 00:00:22

Health: -2/15      AC:  2    Str: 12    XL:     1   Next: 33%
Magic:  1/1        EV: 12    Int: 12    God:
Gold:   10         SH:  0    Dex: 10    Spells: 1/2 levels left

rFire    . . .     SeeInvis .   (no weapon)
rCold    . . .     Faith    .   (no shield)
rNeg     . . .     Spirit   .   a - +0 robe
rPois    .         Reflect  .   (helmet restricted)
rElec    .         Harm     .   (no cloak)
rCorr    .         Rampage  .   (no gloves)
Will     .....                  (no boots)
Stlth    ++........             (no amulet)
HPRegen  0.05/turn              (no ring)
MPRegen  0.07/turn              (no ring)

@: no status effects
A: horns 2, retaliatory headbutt
a: no special abilities


You were on level 1 of the Dungeon.
You visited 1 branch of the dungeon, and saw 1 of its levels.

You collected 10 gold pieces.

Inventory:

Hand Weapons
 b - a +0 hunting sling
Armour
 a - a +0 robe (worn)
Scrolls
 c - a scroll of identify {unknown}
 d - a scroll of holy word {unknown}


   Skills:
 + Level 0.5 Fighting
 + Level 2.3 Dodging
 - Level 1.5 Stealth
 - Level 1.3 Spellcasting
 - Level 2.9 Necromancy


You had one spell level left.
You knew the following spells:

 Your Spells              Type           Power      Damage    Failure   Level
a - Pain                  Necr           28%        1d5       9%          1

Your spell library contained the following spells:

 Spells                   Type           Power      Damage    Failure   Level
 Animate Skeleton         Necr           14%        N/A       9%          1
 Vampiric Draining        Necr           3%         2d6       26%         3
 Animate Dead             Necr           3%         N/A       65%         4
 Agony                    Necr           7%         N/A       94%         5


Dungeon Overview and Level Annotations

Branches:
Dungeon (1/15)

Altars:


Innate Abilities, Weirdness & Mutations

You have a pair of horns on your head.
You reflexively headbutt those who attack you in melee.


Message History

Will you prevail where others failed? Will you find the Orb of Zot?
Press ? for a list of commands and other information.
Found a hunting sling.
Found a staircase leading out of the dungeon.
You see here a +0 hunting sling.
b - a +0 hunting sling You open the door.
There is an open door here.
A dart slug comes into view.
Found a scroll labelled FYDI FOGIHEWUC and a scroll labelled ZACZES BICVIT.
You hit the dart slug but do no damage. You headbutt the dart slug.
The dart slug is moderately wounded.
The dart slug barely misses you. You furiously retaliate!
You headbutt the dart slug!
You kill the dart slug!
c - a scroll labelled ZACZES BICVIT
d - a scroll labelled FYDI FOGIHEWUC
Found 10 gold pieces.
You now have 10 gold pieces.
A gnoll comes into view. It is wielding a +0 spear.
The helpless gnoll fails to defend itself.
You hit the gnoll.
The gnoll is lightly wounded.
The gnoll hits you with a +0 spear!
Ouch! That really hurt!
You barely miss the gnoll.
The gnoll is lightly wounded.
The gnoll hits you but does no damage.
You hit the gnoll but do no damage.
The gnoll is lightly wounded.
The gnoll closely misses you.
You hit the gnoll. You headbutt the gnoll!
The gnoll is severely wounded.
The gnoll misses you. You furiously retaliate!
You headbutt the gnoll, but do no damage.
You closely miss the gnoll.
The gnoll is severely wounded.
The gnoll hits you with a +0 spear!
Ouch! That really hurt!
You die...

.# .# #.# .# #.#
.# #.# .# # #.#
###.#.#### #.#
.......... #.#
##.###### #g#
#.#############@#
#.##............#
#........########
#........#
#........#
#........#
##........#
#........#
#.#..#####


You could see a gnoll.

Vanquished Creatures
  A dart slug (D:1)
1 creature vanquished.

Notes
Turn   | Place    | Note
-------+----------+-------------------------------------------
     0 | D:1      | nxtlvl the Minotaur Necromancer began the quest for the
                  | Orb.
     0 | D:1      | Reached XP level 1. HP: 14/14 MP: 1/1
    60 | D:1      | Slain by a gnoll

Illustrated notes

Levels and vault maps discovered:
D:1:      noname_arrival_rooms_in_the_neighbourhood, layout_basic,
          shapermc_ecumenical_altar_notcrosses

Action                   || total
-------------------------++-------
Melee: Unarmed           ||     6
       Headbutt          ||     2
 Stab: Sleeping          ||     1
Armor: Robe              ||     1
Dodge: Dodged            ||     3
